Map: Pillars of Gold LE

Players

sed - Winner!

  • Race: Zerg Zerg
  • Spawn Location: 7:00

StormzBG

  • Race: Terran Terran
  • Spawn Location: 1:00

VOD

Have the link to the VOD?

Description

bnet acc whats

Time

  • Played on: Nov. 17, 2020, 1:47 a.m.
  • Length: 21:05
Show
View Real Time Build Order
Export as new Build Order

sed Zerg - Winner!

Build Orders: Pool First, Lurkers, Swarm Host 

Get SALT Encoding   

  12  0:02  Drone  
  13  0:09  Drone  
  14  0:17  Overlord  
  14  0:37  Spawning Pool  
  14  0:41  Drone  
  14  0:43  Drone  
  14  0:49  Drone  
  16  1:17  Drone  
  17  1:21  Hatchery  
  17  1:25  Zergling x4  
  18  1:35  Zergling x2  
  18  1:38  Queen  
  21  1:44  Overlord  
  21  1:56  Zergling x2  
  22  2:04  Drone  
  23  2:08  Extractor  
  23  2:10  Extractor  
  21  2:27  Hatchery  
  21  2:29  Overlord  
  20  2:31  Drone  
  21  2:53  Spine Crawler  
  20  3:10  Overlord x2  
  20  3:15  Drone x4  
  24  3:23  Drone  
  25  3:37  Drone  
  25  3:38  Drone x2  
  25  3:39  Drone  
  29  3:53  Drone  
  29  3:54  Drone  
  31  3:56  Queen  
  33  4:05  Spine Crawler  
  32  4:13  Lair  
  32  4:16  Metabolic Boost  
  32  4:21  Drone  
  32  4:22  Zergling x2  
  34  4:24  Drone  
  35  4:37  Spine Crawler  
  34  4:47  Zergling x4  
  36  4:55  Queen  
  38  5:01  Drone  
  38  5:02  Drone x2  
  35  5:18  Zergling x6  
  31  5:38  Drone x3  
  31  5:39  Drone x3  
  31  5:40  Overlord  
  29  6:02  Spine Crawler  
  28  6:06  Drone x3  
  28  6:07  Evolution Chamber  
  30  6:20  Spine Crawler  
  29  6:33  Zergling x2  
  29  6:34  Zergling x2  
  26  6:48  Zergling x14  
  32  6:56  Drone  
  32  6:57  Drone  
  34  7:12  Queen  
  34  7:20  Drone x2  
  34  7:21  Drone  
  37  7:24  Extractor  
  37  7:28  Hydralisk Den  
  37  7:29  Drone  
  35  7:43  Drone x4  
  38  7:53  Drone x2  
  40  8:06  Zergling x2  
  40  8:07  Hydralisk x2, Zergling x4  
  47  8:13  Zerg Missile Weapons Level 1  
  47  8:15  Drone  
  48  8:34  Hydralisk x2  
  48  8:35  Zergling x4  
  48  8:37  Drone x4  
  48  8:38  Drone  
  59  8:48  Drone x2  
  61  9:07  Spore Crawler  
  60  9:11  Spore Crawler  
  60  9:16  Lurker Den  
  58  9:17  Hydralisk  
  58  9:18  Zergling x4  
  58  9:20  Drone  
  58  9:21  Drone x3  
  58  9:24  Overlord  
  66  9:41  Queen  
  66  9:43  Hatchery  
  67  9:48  Drone x5  
  67  9:50  Evolution Chamber  
  71  9:55  Drone x2  
  73  10:04  Overlord x2  
  73  10:10  Extractor  
  73  10:11  Zerg Missile Weapons Level 2  
  73  10:13  Hydralisk  
  74  10:19  Overlord x2  
  74  10:24  Lurker  
  75  10:29  Drone x2  
  75  10:30  Extractor  
  76  10:49  Zerg Melee Weapons Level 1  
  76  10:52  Hydralisk x2  
  80  11:03  Drone x5, Extractor  
  84  11:09  Hydralisk x2  
  88  11:12  Zergling x6  
  78  11:30  Zergling x8  
  78  11:31  Zergling x6  
  75  11:34  Lurker x3  
  75  11:38  Zergling x4  
  73  11:44  Lurker  
  73  11:46  Zergling x2  
  68  11:49  Overlord  
  68  11:50  Zergling x4  
  65  12:09  Infestation Pit  
  65  12:12  Drone x2  
  65  12:13  Zergling x10  
  62  12:23  Zergling x2  
  62  12:24  Zergling x4  
  62  12:29  Zerg Ground Armor Level 1  
  65  12:43  Hydralisk x2, Zergling x6  
  70  12:45  Hatchery  
  70  12:46  Zerg Melee Weapons Level 2  
  71  12:57  Extractor  
  61  13:02  Zergling x8  
  61  13:03  Zergling x2  
  58  13:12  Hydralisk x3  
  57  13:16  Lurker  
  57  13:19  Drone x3  
  67  13:20  Queen  
  56  13:50  Lurker  
  56  13:54  Hive  
  57  14:00  Drone x2  
  57  14:01  Drone x2, Overlord  
  57  14:02  Swarm Host, Zergling x8  
  65  14:03  Swarm Host  
  65  14:07  Drone x2  
  73  14:22  Overlord, Swarm Host x2  
  79  14:30  Drone x4  
  83  14:33  Swarm Host  
  86  14:44  Swarm Host x2  
  92  15:03  Extractor  
  87  15:16  Swarm Host x3  
  96  15:34  Zergling x2  
  96  15:35  Nydus Network, Zergling x38  
  90  16:07  Zergling x10  
  90  16:08  Overlord, Zergling x2  
  90  16:09  Overlord  
  88  16:16  Nydus Canal  
  86  16:19  Zergling x2  
  86  16:20  Zergling x12  
  86  16:24  Zergling x2  
  90  16:45  Zergling x12  
  95  16:47  Drone x2  
  96  16:59  Nydus Canal  
  96  17:05  Hatchery  
  95  17:25  Drone x3  
  98  17:30  Overlord x3, Zergling x2  
  98  17:31  Swarm Host, Zergling x6  
  98  17:32  Swarm Host  
  98  17:37  Hatchery  
  102  17:59  Nydus Canal  
  99  18:06  Swarm Host  
  99  18:07  Swarm Host x3  
  99  18:09  Overlord, Zergling x6  
  99  18:10  Drone x4  
  99  18:12  Queen  
  120  18:19  Nydus Canal  
  117  18:22  Hydralisk x2  
  117  18:23  Hydralisk x2  
  117  18:26  Zerg Ground Armor Level 2, Zerg Missile Weapons Level 3  
  125  18:29  Drone  
  125  18:30  Drone  
  125  18:32  Extractor  
  125  18:34  Extractor  
  125  18:36  Drone x2  
  127  18:47  Nydus Canal  
  127  19:00  Zergling x8  
  131  19:20  Zergling x6  
  131  19:22  Seismic Spines  
  131  19:23  Hydralisk x4  
  142  19:27  Lurker  
  142  19:30  Zergling x4  
  117  19:46  Zergling x6  
  120  19:53  Hydralisk x5  
  120  19:54  Zergling x6  
  120  19:59  Drone x2  
  135  20:05  Hatchery  
  134  20:08  Hatchery  
  134  20:11  Drone x3  
  134  20:13  Drone  
  134  20:14  Drone x2  
  139  20:15  Zergling x2  
  139  20:16  Zergling x2  
  141  20:40  Nydus Canal  
Show
View Real Time Build Order
Export as new Build Order

StormzBG Terran 

Build Orders: 2 Factory 

Get SALT Encoding   

  12  0:00  SCV  
  13  0:16  Supply Depot  
  13  0:19  SCV  
  14  0:32  SCV  
  15  0:36  Supply Depot  
  15  0:48  Barracks  
  15  0:56  Refinery  
  15  0:57  SCV  
  16  1:11  Supply Depot  
  16  1:19  SCV  
  17  1:25  Supply Depot  
  17  1:35  Refinery  
  17  1:45  Marine  
  18  1:50  Orbital Command  
  18  2:03  Marine  
  19  2:11  Factory  
  19  2:16  SCV  
  19  2:21  Marine  
  22  2:30  SCV  
  22  2:39  Supply Depot  
  22  2:40  Marine  
  23  2:45  Factory  
  23  2:46  SCV  
  24  2:57  Factory  
  24  2:59  Factory Tech Lab  
  24  3:15  SCV  
  25  3:20  Infernal Pre-Igniter  
  25  3:22  Hellion  
  25  3:27  SCV, Marine  
  29  3:34  Supply Depot  
  29  3:39  SCV, Hellion  
  32  3:46  Hellion  
  34  3:51  Hellion  
  36  4:04  Hellion  
  36  4:07  Supply Depot  
  36  4:08  SCV  
  41  4:10  Hellion  
  41  4:16  Hellion  
  43  4:20  SCV  
  44  4:24  Engineering Bay  
  44  4:39  Hellion  
  44  4:40  Hellion  
  44  4:42  Hellion  
  50  5:01  Hellion  
  50  5:02  Hellion  
  50  5:34  Hellion  
  50  5:35  Hellion x2  
  48  5:56  Hellion x3  
  46  6:00  SCV  
  47  6:11  Command Center  
  47  6:15  Refinery  
  47  6:17  Hellion  
  47  6:18  Refinery  
  37  6:59  Factory Tech Lab x2  
  33  7:17  Cyclone  
  33  7:18  Cyclone  
  33  7:19  Cyclone  
  33  7:22  Armory  
  42  7:34  Orbital Command  
  42  7:49  Cyclone  
  42  7:50  Cyclone  
  49  7:51  Cyclone  
  49  8:18  Bunker  
  49  8:21  Thor  
  49  8:22  Thor  
  49  8:23  Bunker  
  61  8:27  SCV  
  61  8:29  SCV  
  63  8:41  SCV  
  64  8:42  SCV  
  64  8:47  Supply Depot  
  65  8:50  Terran Vehicle Weapons Level 1  
  65  9:02  SCV, Engineering Bay  
  66  9:10  Thor, Supply Depot  
  66  9:11  SCV  
  66  9:14  SCV  
  74  9:31  Thor  
  74  9:35  Supply Depot  
  80  9:39  Thor  
  86  9:50  SCV  
  86  9:51  SCV  
  88  10:05  Smart Servos  
  88  10:10  Armory  
  88  10:16  Missile Turret  
  88  10:23  Missile Turret  
  88  10:37  Missile Turret  
  88  10:38  Missile Turret  
  88  10:45  Missile Turret  
  88  10:56  Bunker  
  88  10:59  Missile Turret  
  88  11:00  Supply Depot  
  88  11:04  Thor  
  79  11:42  SCV x2  
  81  12:02  Orbital Command  
  81  12:03  Orbital Command  
  81  12:20  Orbital Command  
  81  12:21  Orbital Command  
  73  13:18  Thor x2  
  73  13:19  Thor  
  85  13:42  Missile Turret  
  79  14:01  Thor x6  
  97  14:08  Factory  
  97  14:11  Factory  
  97  14:25  Starport  
  97  14:30  Command Center  
  97  14:33  SCV  
  97  14:34  Supply Depot  
  97  14:35  Supply Depot  
  98  14:52  Missile Turret  
  98  14:57  Supply Depot  
  97  15:00  Supply Depot, Factory Tech Lab  
  97  15:01  Factory Tech Lab  
  97  15:02  Thor  
  96  15:19  Starport Tech Lab  
  96  15:20  Supply Depot  
  96  15:23  Missile Turret  
  96  15:24  Supply Depot  
  96  15:48  Raven  
  91  16:01  Thor  
  91  16:02  Thor  
  71  16:26  Barracks  
  53  16:48  Thor x2  
  53  16:53  Thor  
  71  17:05  Orbital Command  
  69  17:33  Widow Mine  
  71  17:37  Thor  
  77  17:55  Orbital Command  
  71  18:21  Thor  
  77  18:34  Command Center  
  77  18:59  Thor  
  77  19:29  Orbital Command  
  65  19:41  Thor  
  53  19:57  Thor  
  59  20:07  Refinery x2  
  59  20:13  Refinery  
  59  20:17  Refinery  
Tags
 
Add a new tag
Caveats
  • Supply blocks, unpowered buildings, or Contaminate may cause inaccurate times.
  • Supply counts are checked every 10 seconds.